 Dungeon Crawl Stone Soup version 0.21.1-1-g345015f (webtiles) character file.

717 tidbits the Insei (level 7, -7/53 HPs)
             Began as a Gnoll Transmuter on Feb 14, 2018.
             Mangled by a centaur (8 damage)
             ... on level 6 of the Dungeon.
             The game lasted 00:08:56 (1045 turns).

tidbits the Insei (Gnoll Transmuter)                Turns: 1045, Time: 00:08:56

Health: -7/53      AC:  2    Str: 12    XL:     7   Next: 70%
Magic:  7/15       EV: 23    Int: 18    God:
Gold:   197        SH:  0    Dex: 20    Spells: 6/17 levels left

rFire    . . .     SeeInvis .     - Unarmed
rCold    . . .     Gourm    .   (shield currently unavailable)
rNeg     . . .     Faith    .   (armour currently unavailable)
rPois    x         Spirit   .   (helmet currently unavailable)
rElec    .         Reflect  .   (cloak currently unavailable)
rCorr    .         Harm     .   (gloves currently unavailable)
MR       .....                  (boots currently unavailable)
Stlth    ++........             (no amulet)
HPRegen  0.17/turn              (no ring)
MPRegen  0.14/turn              (no ring)

@: spider-form, very slightly contaminated, drained
A: tiny, distributed training, strong nose
a: End Transformation


You were on level 6 of the Dungeon.
You were very full.
You were a venomous arachnid creature.
You visited 1 branch of the dungeon, and saw 6 of its levels.

You collected 197 gold pieces.

Inventory:

Hand Weapons
 a - a +4 battleaxe
 i - a +0 dagger
 k - a +0 war axe
 m - a +0 great sword
Missiles
 g - 4 tomahawks (quivered)
 l - 15 arrows
Armour
 b - a +0 robe (melded)
 F - a +0 pair of boots (melded)
Wands
 j - a wand of flame (27)
Scrolls
 e - 3 scrolls of remove curse
 f - a scroll of blinking
Potions
 h - a potion of magic
Books
 c - a book of Changes

   Spells                             Type                      Level
   a - Beastly Appendage              Transmutation                1
   b - Sticks to Snakes               Transmutation                2
   c - Spider Form                    Transmutation/Poison         3
   d - Ice Form                       Ice/Transmutation            4
   e - Blade Hands                    Transmutation                5
Comestibles
 d - 4 rations


   Skills:
 + Level 3.7(3.2) Fighting
 + Level 2.6(2.1) Short Blades
 + Level 2.6(2.1) Long Blades
 + Level 2.6(2.1) Axes
 + Level 2.6(2.1) Maces & Flails
 + Level 2.6(2.1) Polearms
 + Level 2.6(2.1) Staves
 + Level 2.6(2.1) Slings
 + Level 2.6(2.1) Bows
 + Level 2.6(2.1) Crossbows
 + Level 2.6(2.1) Throwing
 + Level 2.6(2.1) Armour
 + Level 5.3(4.7) Dodging
 + Level 2.6(2.1) Stealth
 + Level 2.6(2.1) Shields
 + Level 7.1(6.5) Unarmed Combat
 + Level 5.6(5.1) Spellcasting
 + Level 2.1(1.6) Conjurations
 + Level 2.1(1.6) Hexes
 + Level 2.1(1.6) Charms
 + Level 2.1(1.6) Summonings
 + Level 2.1(1.6) Necromancy
 + Level 2.1(1.6) Translocations
 + Level 4.3(3.8) Transmutations
 + Level 2.1(1.6) Fire Magic
 + Level 2.1(1.6) Ice Magic
 + Level 2.1(1.6) Air Magic
 + Level 2.1(1.6) Earth Magic
 + Level 2.1(1.6) Poison Magic
 + Level 2.9(2.4) Invocations
 + Level 2.6(2.1) Evocations


You had 6 spell levels left.
You knew the following spells:

 Your Spells              Type           Power        Failure   Level  Hunger
e - Beastly Appendage     Tmut           ###...       10%         1    None
h - Blade Hands           Tmut           ###.......   78%         5    ######.
k - Sticks to Snakes      Tmut           ###.....     13%         2    #......
p - Spider Form           Tmut/Pois      ##........   30%         3    ##.....


Dungeon Overview and Level Annotations

Branches:
Dungeon (6/15)
 Temple: D:4-7

Altars:

Annotations:
D:4 Edmund


Innate Abilities, Weirdness & Mutations

Your experience applies equally to all skills.
((You have very sharp teeth.))
Your uncanny sense of smell can sniff out nearby items.


Message History

The wight is severely damaged.
The wight hits you with an enchanted battleaxe!
You feel drained. The wight misses your adder.
Your adder bites the wight.
You hit the wight but do no damage.
The wight is severely damaged.
Your adder bites the wight but does no damage.
The wight closely misses you.
The wight hits your adder with an enchanted battleaxe.
You hit the wight.
You destroy the wight!
You bite the quokka!
You kill the quokka!
Things that are here:
an enchanted battleaxe; a robe
a - an enchanted battleaxe Your transformation has ended.
Your +0 pair of boots unmelds from your body.
Your +0 robe unmelds from your body.
There is a stone staircase leading down here.
Things that are here:
a war axe; a robe
k - a war axe
There is a stone staircase leading down here.
Casting: Sticks to Snakes
Confirm with . or Enter, or press ? or * to list all spells.
You turn into a venomous arachnid creature.
Your +0 pair of boots melds into your body.
Your +0 robe melds into your body.
Your transformation is almost over.
You climb downwards.
Your summoned ally is left behind.
The wight completely misses you. The wight misses you.
There is a stone staircase leading up here.
Casting: Spider Form
Confirm with . or Enter, or press ? or * to list all spells.
You create a snake!
You now have 15 arrows.
You completely miss the wight. The wight completely misses you.
Your ball python closely misses the wight.
Your ball python grabs the wight.
Your ball python constricts the wight.
You bite the wight!
The wight is severely damaged.
The wight hits you with a great sword!
You feel drained.
* * * LOW HITPOINT WARNING * * *
Your ball python bites the wight but does no damage.
Your ball python constricts the wight.
You hit the wight.
The wight is severely damaged.
Your ball python bites the wight but does no damage.
Your ball python constricts the wight.
You hit the wight.
The wight is almost destroyed.
The wight misses you.
Your ball python bites the wight but does no damage.
Your ball python constricts the wight.
You catch the helpless wight completely off-guard!
You hit the wight.
You destroy the wight!
Things that are here:
a great sword; a robe
m - a great sword Your transformation has ended.
Your +0 pair of boots unmelds from your body.
Your +0 robe unmelds from your body.
You see here a scroll of remove curse.
e - 3 scrolls of remove curse (gained 1)
There is a stone staircase leading up here.
Found a robe.
You swap places.
Found 14 gold pieces.
Your ball python withers and dies!
You see here 14 gold pieces.
You now have 197 gold pieces (gained 14).
A centaur comes into view.
The centaur shouts!
The centaur wields a glowing shortbow.
It is covered in frost.
The centaur shoots an arrow.
The arrow hits you!
* * * LOW HITPOINT WARNING * * *
The arrow freezes you.
* * * LOW HITPOINT WARNING * * *
Found a torn book.
You see here an arrow.
Casting: Sticks to Snakes
Confirm with . or Enter, or press ? or * to list all spells.
You turn into a venomous arachnid creature.
Your +0 pair of boots melds into your body.
Your +0 robe melds into your body.
Casting: Spider Form
Confirm with . or Enter, or press ? or * to list all spells.
You miscast Sticks to Snakes.
You are very lightly contaminated with residual magic.
You smell something strange.
A sky beast comes into view.
The centaur shoots an arrow.
The arrow closely misses you.
The centaur shoots an arrow.
The arrow hits you!
* * * LOW HITPOINT WARNING * * *
The arrow freezes you.
* * * LOW HITPOINT WARNING * * *
You see here 2 arrows.
The centaur unwields an uncursed shortbow of freezing.
The centaur hits you!
You die...

##...## .#.#
#...#####.#.
##.#.###.. .
###..#<[##.#.# ∆##
#....#.....#.##.#...
#.#######.........
#....#...(.####.#
###..#..##.(....####
##.#.#####sc...Y:#
#...# #.##.##.#
##### #.# # #.# #.#
#.. #.# ...


You could see a sky beast and a centaur.

Vanquished Creatures
  The ghost of ximkin the Ruffian, a novice DrTm (D:4)
  An ogre (D:6)
  A howler monkey (D:4)
  3 wights
  A crimson imp (D:5)
  A worker ant (D:5)
  A killer bee zombie (D:5)
  A hound skeleton (D:4)
  A worker ant zombie (D:5)
  5 adders
  A shadow imp (D:4)
  2 adder skeletons
  4 dart slugs
  6 orcs
  A goblin (D:2)
  3 hobgoblins (D:3)
  3 jackals (D:5)
  A quokka (D:5)
  A ball python zombie (D:5)
  A bat (D:3)
  A quokka skeleton (D:6)
  2 rats
42 creatures vanquished.

Vanquished Creatures (collateral kills)
  An adder (D:2)
1 creature vanquished.

Grand Total: 43 creatures vanquished

Notes
Turn   | Place    | Note
-------+----------+-------------------------------------------
     0 | D:1      | tidbits the Gnoll Transmuter began the quest for the Orb.
     0 | D:1      | Reached XP level 1. HP: 17/17 MP: 6/6
    32 | D:2      | Reached XP level 2. HP: 23/23 MP: 5/7
    42 | D:2      | Learned a level 2 spell: Sticks to Snakes
    75 | D:2      | Reached XP level 3. HP: 20/28 MP: 6/9
    80 | D:2      | Reached skill level 5 in Spellcasting
   139 | D:3      | Learned a level 3 spell: Spider Form
   176 | D:4      | Noticed Edmund
   202 | D:3      | Found a faded altar of an unknown god.
   211 | D:3      | Reached skill level 1 in Invocations
   243 | D:4      | Reached skill level 1 in Short Blades
   243 | D:4      | Reached skill level 1 in Long Blades
   243 | D:4      | Reached skill level 1 in Axes
   243 | D:4      | Reached skill level 1 in Maces & Flails
   243 | D:4      | Reached skill level 1 in Polearms
   243 | D:4      | Reached skill level 1 in Staves
   243 | D:4      | Reached skill level 1 in Slings
   243 | D:4      | Reached skill level 1 in Bows
   243 | D:4      | Reached skill level 1 in Crossbows
   243 | D:4      | Reached skill level 1 in Throwing
   243 | D:4      | Reached skill level 1 in Armour
   243 | D:4      | Reached skill level 1 in Stealth
   243 | D:4      | Reached skill level 1 in Shields
   243 | D:4      | Reached skill level 1 in Evocations
   243 | D:4      | Reached XP level 4. HP: 15/34 MP: 3/11
   276 | D:4      | Reached skill level 1 in Conjurations
   276 | D:4      | Reached skill level 1 in Hexes
   276 | D:4      | Reached skill level 1 in Charms
   276 | D:4      | Reached skill level 1 in Summonings
   276 | D:4      | Reached skill level 1 in Necromancy
   276 | D:4      | Reached skill level 1 in Translocations
   276 | D:4      | Reached skill level 1 in Fire Magic
   276 | D:4      | Reached skill level 1 in Ice Magic
   276 | D:4      | Reached skill level 1 in Air Magic
   276 | D:4      | Reached skill level 1 in Earth Magic
   276 | D:4      | Reached skill level 1 in Poison Magic
   310 | D:4      | Reached XP level 5. HP: 10/40 MP: 1/12
   317 | D:4      | Noticed ximkin's ghost (novice DrTm)
   350 | D:4      | Killed ximkin's ghost
   350 | D:4      | Reached skill level 3 in Fighting
   350 | D:4      | Reached skill level 2 in Short Blades
   350 | D:4      | Reached skill level 2 in Long Blades
   350 | D:4      | Reached skill level 2 in Axes
   350 | D:4      | Reached skill level 2 in Maces & Flails
   350 | D:4      | Reached skill level 2 in Polearms
   350 | D:4      | Reached skill level 2 in Staves
   350 | D:4      | Reached skill level 2 in Slings
   350 | D:4      | Reached skill level 2 in Bows
   350 | D:4      | Reached skill level 2 in Crossbows
   350 | D:4      | Reached skill level 2 in Throwing
   350 | D:4      | Reached skill level 2 in Armour
   350 | D:4      | Reached skill level 5 in Dodging
   350 | D:4      | Reached skill level 2 in Stealth
   350 | D:4      | Reached skill level 2 in Shields
   350 | D:4      | Reached skill level 4 in Transmutations
   350 | D:4      | Reached skill level 2 in Invocations
   350 | D:4      | Reached skill level 2 in Evocations
   350 | D:4      | Reached XP level 6. HP: 6/47 MP: 2/14
   417 | D:5      | Entered Level 5 of the Dungeon
   564 | D:5      | Reached XP level 7. HP: 22/52 MP: 9/15
   668 | D:6      | Reached skill level 7 in Unarmed Combat
   727 | D:4      | Reached skill level 2 in Conjurations
   727 | D:4      | Reached skill level 2 in Hexes
   727 | D:4      | Reached skill level 2 in Charms
   727 | D:4      | Reached skill level 2 in Summonings
   727 | D:4      | Reached skill level 2 in Necromancy
   727 | D:4      | Reached skill level 2 in Translocations
   727 | D:4      | Reached skill level 2 in Fire Magic
   727 | D:4      | Reached skill level 2 in Ice Magic
   727 | D:4      | Reached skill level 2 in Air Magic
   727 | D:4      | Reached skill level 2 in Earth Magic
   727 | D:4      | Reached skill level 2 in Poison Magic
   967 | D:5      | Learned a level 5 spell: Blade Hands
  1044 | D:6      | HP: 1/53 [centaur/arrow (6)]
  1045 | D:6      | Mangled by a centaur

Skill      XL: |  1  2  3  4  5  6  7 |
---------------+----------------------+-----
Spellcasting   | 5 |  5.6
Invocations    | 1 2 |  2.9
Short Blades   | 1 2 |  2.6
Long Blades    | 1 2 |  2.6
Axes           | 1 2 |  2.6
Maces & Flails | 1 2 |  2.6
Polearms       | 1 2 |  2.6
Staves         | 1 2 |  2.6
Slings         | 1 2 |  2.6
Bows           | 1 2 |  2.6
Crossbows      | 1 2 |  2.6
Throwing       | 1 2 |  2.6
Armour         | 1 2 |  2.6
Stealth        | 1 2 |  2.6
Shields        | 1 2 |  2.6
Evocations     | 1 2 |  2.6
Conjurations   | 1 2 |  2.1
Hexes          | 1 2 |  2.1
Charms         | 1 2 |  2.1
Summonings     | 1 2 |  2.1
Necromancy     | 1 2 |  2.1
Translocations | 1 2 |  2.1
Fire Magic     | 1 2 |  2.1
Ice Magic      | 1 2 |  2.1
Air Magic      | 1 2 |  2.1
Earth Magic    | 1 2 |  2.1
Poison Magic   | 1 2 |  2.1
Fighting       | 3 |  3.7
Dodging        | 5 |  5.3
Transmutations | 4 |  4.3
Unarmed Combat | 7 |  7.1

Action                   |  1- 3 |  4- 6 |  7- 9 || total
-------------------------+-------+-------+-------++-------
Melee: Unarmed           |    37 |    36 |    69 ||   142
       Headbutt          |     2 |       |       ||     2
       Bite              |     2 |       |       ||     2
       Punch             |     1 |       |       ||     1
 Cast: Beastly Appendage |     4 |       |       ||     4
       Sticks to Snakes  |     1 |     8 |     3 ||    12
       Spider Form       |     3 |     7 |     8 ||    18
  Use: Potion            |       |     3 |       ||     3
       Scroll            |       |     2 |     2 ||     4
 Stab: Sleeping          |     2 |       |       ||     2
       Distracted        |       |       |     1 ||     1
  Eat: Ration            |       |     2 |     1 ||     3
Armor: Robe              |     1 |       |       ||     1
       Skin              |       |       |     2 ||     2
Dodge: Dodged            |    16 |    22 |    59 ||    97

Table legend:
 A = Turns spent in this place as a percentage of turns spent in the entire game.
 B = Non-inter-level travel turns spent in this place as a percentage of non-inter-level travel turns spent in the entire game.
 C = Inter-level travel turns spent in this place as a percentage of turns spent in this place.
 D = Turns resting spent in this place as a percentage of non-inter-level travel turns spent in this place.
 E = Turns spent auto-exploring this place as a percentage of non-inter-level travel turns spent in this place.
 F = Non-inter-level travel turns spent in this place divided by the number of levels of this place that you've seen.
                   A       B       C       D       E      F
               +-------+-------+-------+-------+-------+----------------------
         Total | 100.0 | 100.0 |   0.0 |   0.0 |   0.0 | 174.2
       Dungeon | 100.0 | 100.0 |   0.0 |   0.0 |   0.0 | 174.2
               +-------+-------+-------+-------+-------+----------------------

Table legend:
 A = Kills in this place as a percentage of kills in entire the game.
 B = Kills by you in this place as a percentage of kills by you in the entire game.
 C = Kills by friends in this place as a percentage of kills by friends in the entire game.
 D = Other kills in this place as a percentage of other kills in the entire game.
 E = Experience gained in this place as a percentage of experience gained in the entire game.
 F = Experience gained in this place divided by the number of levels of this place that you have seen.
                   A       B       C       D       E      F
               +-------+-------+-------+-------+-------+----------------------
         Total | 100.0 | 100.0 | 100.0 |   N/A | 100.0 | 170.8
       Dungeon | 100.0 | 100.0 | 100.0 |   N/A | 100.0 | 170.8
               +-------+-------+-------+-------+-------+----------------------

Vault maps used:
D:1:      minmay_arrival_checkered_box
D:2:      bloody_trog, uniq_sigmund
D:3:      chequers_ecumenical_altar_simple, first_ration
D:4:      minivault_19, uniq_edmund, uniq_duvessa
D:5:      minmay_temple_entry_enclosed_plants, basic_altar
D:6:      gammafunk_cloud_chamber, uniq_blork_the_orc, uniq_grinder
